 Dungeon Crawl Stone Soup version 0.26-a0-854-gdc81c2f471 (webtiles) character file.

Game seed: 15258797070287295465

32 mhtbhm the Skirmisher (level 3, -1/23 HPs)
             Began as a Gargoyle Fighter on Nov 22, 2020.
             Killed from afar by Sigmund (7 damage)
             ... with a magic dart
             ... on level 2 of the Dungeon.
             The game lasted 00:02:34 (1093 turns).

mhtbhm the Skirmisher (Gargoyle Fighter)            Turns: 1093, Time: 00:02:35

Health: -1/23      AC: 11    Str: 20    XL:     3   Next: 25%
Magic:  3/3        EV:  7    Int:  8    God:
Gold:   47         SH:  9    Dex:  9    Spells: 2/2 levels left

rFire    . . .     SeeInvis .   a - +0 flail
rCold    . . .     Faith    .   c - +0 kite shield
rNeg     + . .     Spirit   .   b - +0 scale mail
rPois    ∞         Reflect  .   (no helmet)
rElec    +         Harm     .   (no cloak)
rCorr    .         Rampage  .   f - +0 pair of gloves
MR       .....                  (no boots)
Stlth    ..........             (no amulet)
HPRegen  0.07/turn              (no ring)
MPRegen  0.08/turn              (no ring)

@: brilliant
A: negative energy resistance 1, electricity resistance, unbreathing,
petrification resistance, rot immunity, AC +3
a: no special abilities


You were on level 2 of the Dungeon.
You visited 1 branch of the dungeon, and saw 2 of its levels.

You collected 47 gold pieces.

Inventory:

Hand Weapons
 a - a +0 flail (weapon)
Armour
 b - a +0 scale mail (worn)
 c - a +0 kite shield (worn)
 f - a +0 pair of gloves (worn)
Scrolls
 e - a scroll of immolation {unknown}
 i - a scroll of enchant weapon {unknown}
 j - a scroll of amnesia {unknown}
 k - a scroll of enchant armour {unknown}
 l - a scroll of teleportation {unknown}
 m - a scroll of blinking {unknown}
Potions
 d - 2 potions of might


   Skills:
 + Level 3.6 Fighting
 + Level 2.4 Maces & Flails
 + Level 3.5 Armour
 + Level 0.6 Dodging
 + Level 0.1 Stealth
 + Level 3.6 Shields


You had 2 spell levels left.
You didn't know any spells.
Your spell library was empty.

Dungeon Overview and Level Annotations

Branches:
Dungeon (2/15)

Altars:

Annotations:
D:2 Sigmund


Innate Abilities, Weirdness & Mutations

You are resistant to torment.
Your stone body is resilient. (AC +3)
You are immune to poison.
You resist negative energy. (rN+)
You are resistant to electric shocks. (rElec)
You can survive without breathing.
You are immune to petrification.
You are immune to rotting.


Message History

Sigmund is heavily wounded.
You hit Sigmund but do no damage.
Sigmund is heavily wounded.
Sigmund points at you and mumbles some strange words.
The magic dart hits you but does no damage.
Sigmund gestures at you while chanting.
You are confused.
You're too confused to move!
Sigmund hits you but does no damage.
You bump into the rock wall.
Sigmund hits you but does no damage.
You're too confused to move!
Sigmund hits you from afar with a +0 scythe.
* * * LOW HITPOINT WARNING * * *
You're too confused to move!
You feel less confused. Sigmund closely misses you.
You closely miss Sigmund.
Sigmund is heavily wounded.
Sigmund casts a spell at you. The magic dart hits you!
You die...

###########
...#.(...# #
###.#.##.##.#.##.
#........<...)...
#...#.###########
#...#....#
###.#...?#
#@.....# #@.....#
#........#
#..>.....#
#........#
#........#
#.....$..#
#........#
#........#


You could see Sigmund.

Vanquished Creatures
  2 dart slugs (D:1)
  A leopard gecko (D:1)
  3 bats (D:1)
  2 giant cockroaches (D:1)
  2 goblins (D:1)
  6 hobgoblins (D:1)
  2 kobolds (D:1)
  3 frilled lizards (D:1)
  4 rats
25 creatures vanquished.

Notes
Turn   | Place    | Note
-------+----------+-------------------------------------------
     0 | D:1      | mhtbhm the Gargoyle Fighter began the quest for the Orb.
     0 | D:1      | Reached XP level 1. HP: 14/14 MP: 1/1
     0 | D:1      | Noticed an ogre
     0 | D:1      | Noticed a ghoul
     0 | D:1      | Noticed a felid
     5 | D:1      | Noticed a vine stalker
     6 | D:1      | Noticed a draconian
     8 | D:1      | Noticed a vampire
    10 | D:1      | Noticed a felid
    12 | D:1      | Noticed an ogre
    12 | D:1      | Noticed a ghoul
    14 | D:1      | Noticed a centaur
    14 | D:1      | Noticed a gargoyle
    16 | D:1      | Noticed an elf
    16 | D:1      | Noticed an elf
    16 | D:1      | Noticed a spriggan
    18 | D:1      | Noticed a felid
    18 | D:1      | Noticed a spriggan
   235 | D:1      | Reached XP level 2. HP: 19/19 MP: 2/2
   802 | D:1      | Reached XP level 3. HP: 23/23 MP: 3/3
  1059 | D:2      | Noticed Sigmund
  1093 | D:2      | Killed from afar by Sigmund

Illustrated notes

Levels and vault maps discovered:
D:1:      shiori_arrival_whats_in_store_for_you, layout_loops_ring
D:2:      layout_basic, nemelex_altar_shiori, minmay_bisected,
          uniq_crazy_yiuf_cottage, uniq_sigmund

Action                   || total
-------------------------++-------
Melee: Flail             ||   137
  Use: Potion            ||     2
Armor: Scale mail        ||    74
Dodge: Dodged            ||    53
Block: Kite shield       ||    73

Table legend: (Time is in decaauts)
 A = Elapsed time spent in this place.
 B = Non-inter-level travel time spent in this place.
 C = Inter-level travel time spent in this place.
 D = Time resting spent in this place.
 E = Time spent auto-exploring this place.
 F = Levels seen in this place.
 G = Mean time per level.
                   A        B        C        D        E       F      G
               +--------+--------+--------+--------+--------+-----+--------+
         Total |   1144 |   1123 |     21 |      0 |    753 |   2 |  572.0 |
       Dungeon |   1144 |   1123 |     21 |      0 |    753 |   2 |  572.0 |
               +--------+--------+--------+--------+--------+-----+--------+

Top non-repeatable levels by time:
     D:1: 1092 daAuts
     D:2: 51 daAuts
